 Dungeon Crawl Stone Soup version 0.24.0-13-gcf9b319 (webtiles) character file.

Game seed: 13908158544842634229, levelgen mode: deterministic

1265 CBukowski the Cleaver (level 8, -1/70 HPs)
             Began as a Minotaur Berserker on Nov 11, 2019.
             Was an Elder of Trog.
             Killed from afar by Edmund (3 damage)
             ... with a puff of flame
             ... on level 5 of the Dungeon.
             The game lasted 00:14:54 (4030 turns).

CBukowski the Cleaver (Minotaur Berserker)          Turns: 4030, Time: 00:14:55

Health: -1/70      AC:  4    Str: 25    XL:     8   Next: 27%
Magic:  7/7        EV: 13    Int:  4    God:    Trog [****..]
Gold:   294        SH:  2    Dex:  9    Spells: 7/7 levels left

rFire    + . .     SeeInvis .   z - +0 war axe
rCold    + + .     Gourm    .   (no shield)
rNeg     + . .     Faith    .   v - +0 leather armour
rPois    .         Spirit   .   (helmet restricted)
rElec    .         Reflect  +   u - scarf {rC+ rF+}
rCorr    .         Harm     .   j - +0 pair of gloves
MR       .....                  (no boots)
Stlth    +.........             d - +2 amulet of reflection
HPRegen  0.21/turn              h - ring of protection from cold
MPRegen  0.10/turn              k - ring of positive energy

@: lethally poisoned (-1 -> -4), berserk cooldown, slowed, very slow
A: retaliatory headbutt, horns 2
a: Berserk, Trog's Hand, Brothers in Arms, Renounce Religion


You were on level 5 of the Dungeon.
You worshipped Trog.
Trog was greatly pleased with you.
You were not hungry.

You visited 1 branch of the dungeon, and saw 5 of its levels.

You collected 294 gold pieces.

Inventory:

Hand Weapons
 z - a +0 war axe (weapon)
Armour
 j - a +0 pair of gloves (worn)
 u - a scarf of resistance (worn)
 v - a +0 leather armour (worn)
Jewellery
 a - an uncursed ring of protection from fire
 d - a +2 amulet of reflection (around neck)
 h - a ring of protection from cold (left hand)
 k - a ring of positive energy (right hand)
 n - an uncursed ring of protection from fire
 y - an uncursed ring of fire {unknown}
Scrolls
 e - 3 scrolls of remove curse {unknown}
 g - a scroll of fear {unknown}
 i - a scroll of enchant armour {unknown}
 o - a scroll of teleportation {unknown}
 q - a scroll of immolation {unknown}
 r - a scroll of magic mapping {unknown}
 s - 2 scrolls of noise
 w - a scroll of random uselessness {unknown}
 x - a scroll of fog {unknown}
Potions
 b - a potion of heal wounds {unknown}
 f - 3 potions of flight
 l - a potion of mutation {unknown}
 m - 2 potions of curing {unknown}
 p - a potion of cancellation {unknown}
 t - a potion of ambrosia
 A - a potion of brilliance {unknown}
Comestibles
 c - 5 rations


   Skills:
 + Level 5.8 Fighting
 * Level 10.4 Axes
 + Level 3.3 Armour
 + Level 4.4 Dodging
 - Level 0.7 Stealth


You had 7 spell levels left.
You didn't know any spells.
Your spell library was empty.

Dungeon Overview and Level Annotations

Branches:
Dungeon (5/15)
 Temple: D:4-7

Altars:
Cheibriados
Gozag
Nemelex Xobeh
Vehumet

Annotations:
D:3 3 runed translucent doors, ricardofg's ghost, amateur GrWz
D:4 1 runed translucent door, Wuag's ghost, amateur DDMo
D:5 Edmund


Innate Abilities, Weirdness & Mutations

You reflexively headbutt those who attack you in melee.
You have a pair of horns on your head.


Message History

Edmund zaps a wand.
The puff of flame hits you. You resist.
* * * LOW HITPOINT WARNING * * *
It was a potion of ambrosia.
You are confused.
You feel invigorated.
Your skin stops crawling.
You feel less resistant to hostile enchantments.
You feel sick.
You're too confused to move!
You feel sick.
Edmund hits you with a +3 flail of crushing!
* * * LOW HITPOINT WARNING * * *
x2 You feel less invigorated.
You feel less confused.
You feel sick. Edmund misses you.
Edmund hits you with a +3 flail of crushing!
* * * LOW HITPOINT WARNING * * *
x2 You closely miss Edmund.
Edmund is lightly wounded.
Edmund zaps a wand.
The puff of flame hits you. You resist.
You die...

##########+###
####............#
...............(#
................+
.........=......#
.......†........#
.........††@....#
....#####.#@....#
### #.####### #@#
#.## #..# ##.##
#..# ##.## #..#


You could see Edmund.

Vanquished Creatures
  Prince Ribbit (D:5)
  An orc warrior (D:5)
  A phantom (D:4)
  An ogre (D:2)
  A crimson imp (D:5)
  4 hounds
  4 orc priests
  A centaur skeleton (D:4)
  3 orc wizards
  Natasha (thrice) (D:2)
  5 worker ants
  3 gnolls (D:3)
  8 adders
  A shadow imp (D:5)
  An adder skeleton (D:4)
  A worm (D:2)
  3 dart slugs
  2 leopard geckos
  19 orcs
  9 bats
  9 giant cockroaches
  7 goblins
  6 hobgoblins
  7 jackals (D:4)
  4 kobolds
  A quokka (D:3)
  9 frilled lizards
  A leopard gecko skeleton (D:4)
  9 rats
125 creatures vanquished.

Notes
Turn   | Place    | Note
-------+----------+-------------------------------------------
     0 | D:1      | CBukowski the Minotaur Berserker began the quest for the
                  | Orb.
     0 | D:1      | Reached XP level 1. HP: 19/19 MP: 0/0
   103 | D:1      | Reached skill level 4 in Axes
   103 | D:1      | Reached XP level 2. HP: 25/27 MP: 1/1
   854 | D:2      | Reached XP level 3. HP: 26/33 MP: 2/2
   992 | D:2      | Noticed Natasha
   999 | D:2      | Killed Natasha
   999 | D:2      | Reached ** piety under Trog
   999 | D:2      | Reached skill level 5 in Axes
  1006 | D:2      | Found a sparkling altar of Nemelex Xobeh.
  1085 | D:2      | Noticed an ogre
  1089 | D:2      | Reached XP level 4. HP: 40/40 MP: 3/3
  1092 | D:2      | Killed an ogre
  1092 | D:2      | Reached skill level 6 in Axes
  1092 | D:2      | Reached XP level 5. HP: 47/47 MP: 4/4
  1253 | D:2      | Noticed Natasha
  1261 | D:2      | Killed Natasha
  1350 | D:2      | Noticed Natasha
  1354 | D:2      | Killed Natasha
  2213 | D:3      | Found a snail-covered altar of Cheibriados.
  2214 | D:3      | Reached XP level 6. HP: 29/53 MP: 5/5
  2224 | D:3      | Reached skill level 7 in Axes
  2381 | D:3      | Reached *** piety under Trog
  2691 | D:3      | Found a runed translucent gate.
  2691 | D:3      | Found a runed translucent gate.
  2691 | D:3      | Found a runed translucent gate.
  2693 | D:3      | Found an opulent altar of Gozag.
  2827 | D:3      | Noticed ricardofg's ghost (amateur GrWz)
  2959 | D:4      | Reached skill level 8 in Axes
  2987 | D:4      | Reached XP level 7. HP: 59/60 MP: 6/6
  3025 | D:4      | Reached skill level 5 in Fighting
  3464 | D:4      | Found a radiant altar of Vehumet.
  3558 | D:4      | Reached skill level 9 in Axes
  3584 | D:4      | Found a runed translucent door.
  3585 | D:4      | Noticed Wuag's ghost (amateur DDMo)
  3763 | D:5      | Entered Level 5 of the Dungeon
  3993 | D:5      | Noticed Prince Ribbit
  4008 | D:5      | Killed Prince Ribbit
  4008 | D:5      | Reached skill level 10 in Axes
  4008 | D:5      | Reached XP level 8. HP: 43/70 MP: 7/7
  4014 | D:5      | Noticed Edmund
  4017 | D:5      | Reached **** piety under Trog
  4029 | D:5      | HP: 1/70 [Edmund/+3 flail of crushing (3)]
  4030 | D:5      | Killed from afar by Edmund

Levels and vault maps discovered:
D:1:      beargit_arrival_greenhouse, layout_basic
D:2:      layout_loops_ring, nemelex_xobeh_ov_fountains_minmay, uniq_natasha
D:3:      layout_rooms, kennysheep_slug_shrine, ebering_ghost_gozag,
          chequers_serial_rivers_micro_b
D:4:      layout_loops_cross, marbit_many_paths, gammafunk_ghost_grave
D:5:      layout_basic, kennysheep_ying_yang, bloody_makhleb, first_ration,
          uniq_prince_ribbit1, uniq_edmund

Skill      XL: |  1  2  3  4  5  6  7 |
---------------+----------------------+-----
Axes           | 4 5 6 8 10 | 10.4
Fighting       | 4 5 |  5.8
Dodging        | 3 4 |  4.4
Armour         | 3 |  3.3
Stealth        | |  0.7

Action                   |  1- 3 |  4- 6 |  7- 9 || total
-------------------------+-------+-------+-------++-------
Melee: Hand axe          |    68 |   127 |    23 ||   218
       Headbutt          |     9 |    17 |    14 ||    40
       War axe           |       |       |    82 ||    82
Invok: Trog's Hand       |     1 |     2 |     1 ||     4
       Berserk           |     1 |       |     1 ||     2
  Use: Scroll            |     1 |     1 |     3 ||     5
       Potion            |       |       |     1 ||     1
 Stab: Distracted        |       |     1 |       ||     1
  Eat: Chunk             |     1 |     3 |     1 ||     5
       Ration            |       |     1 |     2 ||     3
Armor: Animal skin       |    11 |    12 |       ||    23
       Leather armour    |       |    11 |    25 ||    36
Dodge: Dodged            |    51 |    82 |    72 ||   205
Block: Other             |     3 |    14 |     2 ||    19
